 Dungeon Crawl Stone Soup version 0.30-a0-161-gdd60e06945 (webtiles) character file.

Game seed: 8189807962259504584

909 qw the Chopper (level 8, -12/48 HPs)
             Began as a Gargoyle Fighter on Sept 27, 2022.
             Was a Follower of Okawaru.
             Mangled by an ogre
             ... wielding a +0 giant club
              (30 damage)
             ... on level 5 of the Dungeon.
             The game lasted 00:01:36 (4360 turns).

qw the Chopper (Gargoyle Fighter)                   Turns: 4360, Time: 00:01:36

Health: -12/48     AC: 15    Str: 21    XL:     8   Next: 8%
Magic:  7/10       EV:  5    Int: 10    God:    Okawaru [*.....]
Gold:   257        SH: 15    Dex:  9    Spells: 7/7 levels left

rFire   . . .      SeeInvis .    Y - +3 war axe
rCold   . . .      Faith    .    q - +0 tower shield
rNeg    + . .      Spirit   .    f - +0 plate armour
rPois   inf        Reflect  .    a - +0 helmet
rElec   +          Harm     .    (no cloak)
rCorr   .          Rampage  .    m - +0 pair of gloves
Will    .....                    g - +0 pair of boots
Stlth   ..........               r - amulet of regeneration
HPRegen 0.96/turn                (no ring)
MPRegen 0.12/turn                (no ring)

@: heroic, corroded
A: sickness immunity, AC +5, negative energy resistance 1, electricity
resistance, torment resistance 1, petrification resistance
a: Renounce Religion, Heroism


You were on level 5 of the Dungeon.
You worshipped Okawaru.
Okawaru was aware of your devotion.
You visited 1 branch of the dungeon, and saw 5 of its levels.

You collected 284 gold pieces.
You spent 27 gold pieces at shops.


Innate Abilities, Weirdness & Mutations

You are immune to sickness and miasma.
Your stone body is resilient. (AC +5)
You are immune to poison.
You resist negative energy. (rN+)
You are resistant to electric shocks. (rElec)
You are resistant to unholy torment.
You are immune to petrification.


   Skills:
 - Level 4.9(9.9) Fighting
 - Level 5.7(10.7) Axes
 - Level 1.0(6.0) Throwing
 - Level 3.2(8.2) Armour
 + Level 5.7(10.7) Shields
 + Level 3.5 Invocations


You had 7 spell levels left.
You didn't know any spells.
Your spell library was empty.

Inventory:

Hand Weapons
 h - a +0 flail
 Y - a +3 war axe (weapon)
Missiles
 k - 2 javelins (quivered)
Armour
 a - a +0 helmet (worn)
 f - a +0 plate armour (worn)
 g - a +0 pair of boots (worn)
 m - a +0 pair of gloves (worn)
 q - a +0 tower shield (worn)
Jewellery
 r - an amulet of regeneration (around neck)
Scrolls
 b - 2 scrolls of identify
 c - a scroll of immolation {unknown}
 p - 4 scrolls of teleportation
Potions
 d - a potion of might
 e - a potion of cancellation
 j - a potion of resistance {unknown}
 l - a potion of haste {unknown}
 n - 4 potions of curing

Dungeon Overview and Level Annotations

Branches:
Dungeon (5/15)             Temple (0/1) D:5

Altars:
Elyvilon
Fedhas
Okawaru
Sif Muna
Trog
Xom
Zin
The Shining One

Shops:
D:2 *[

Annotations:
D:5 3 runed translucent doors, qw's ghost, novice GrFi


Message History

The splash of acid hits you! The acid corrodes you!
Something unseen opens the door.
You hear a shout!
You hit the acid dragon.
The acid dragon is almost dead.
An ufetubus comes into view.
The acid dragon bites you. You block the acid dragon's attack.
You closely miss the acid dragon.
The acid dragon is almost dead.
An ogre comes into view. It is wielding a +0 giant club.
The acid dragon bites you. You block the acid dragon's attack.
A dart slug comes into view.
You hit the acid dragon.
You kill the acid dragon!
Okawaru accepts your kill.
You closely miss the ufetubus. You block the ufetubus's attack.
The ufetubus hits you. You block the ufetubus's attack. x2
Your Invocations skill increases to level 3!
You have reached level 8!
You feel clever.
You hit the ufetubus but do no damage.
You block the ufetubus's attack. x2; The ogre hits you but does no damage.
The ufetubus hits you but does no damage.
The ufetubus barely misses you.
You hit the ogre.
The ogre is lightly wounded.
You closely miss the ufetubus.
You block the ufetubus's attack. x2; The ufetubus hits you.
The ufetubus hits you but does no damage.
You slash the ogre!
The ogre is heavily wounded.
You hit the ufetubus. The ogre hits you but does no damage.
You block the ufetubus's attack. x2
You closely miss the ufetubus.
The ufetubus is almost dead.
You closely miss the ogre. You block the ufetubus's attack. x2
The ogre hits you with a +0 giant club!!
Ouch! That really hurt!
You die...

#...# #.#########
#...#########.########
######...............#
#.####.....####.#
#.#..##...##.?#.#
#.#...##.##...#.#
#.##...#.#...##.#
#..##.)#.#).##..#
###...###..@###...###
#.........85O.......#
#.#...###..w###...#.#
#.#..## +#.#' ##..#.#
#.#.## #.#. ##.# .
#.#.# ##.##. #.# ##
#.#.# ##...## #.#
#.#.####.....####.#
#.#...............#


You could see an ogre, a dart slug and an ufetubus.

Vanquished Creatures
  An acid dragon (D:5)
  A black bear (D:4)
  An ice beast (D:5)
  2 phantoms
  A necrophage (D:5)
  A hound (D:5)
  3 jellies (D:4)
  A gnoll bouda (D:5)
  2 iguanas (D:5)
  An orc wizard (D:3)
  6 adders
  A gnoll (D:5)
  3 worms
  4 dart slugs
  3 orcs
  5 bats
  10 endoplasms
  3 giant cockroaches
  11 goblins
  10 hobgoblins
  6 jackals
  8 quokkas
  4 ball pythons
  A frilled lizard (D:2)
  8 kobolds
  10 rats
107 creatures vanquished.

Notes
Turn   | Place    | Note
-------+----------+-------------------------------------------
     0 | D:1      | qw the Gargoyle Fighter began the quest for the Orb.
     0 | D:1      | Reached XP level 1. HP: 14/14 MP: 1/1
     0 | D:1      | 0 ||| qw: Version: 0.2-a-10-g37ed214
     0 | D:1      | 0 ||| qw: Game counter: 649
     0 | D:1      | 0 ||| qw: Always use a shield: true
     0 | D:1      | 0 ||| qw: God list: Okawaru
     0 | D:1      | 0 ||| qw: Allow faded altars: false
     0 | D:1      | 0 ||| qw: Do Orc after D:15 true
     0 | D:1      | 0 ||| qw: Do second Lair branch before Depths: true
     0 | D:1      | 0 ||| qw: Lair rune preference: random
     0 | D:1      | 0 ||| qw: Plans: Normal, Zot:1-4, God:TSO, Crypt, Tomb,
                  | Pan, Slime:5, Hells, Abyss, Orb
     0 | D:1      | 0 ||| PLANNING D:1-11
   355 | D:1      | Reached XP level 2. HP: 19/19 MP: 2/2
   465 | D:1      | 465 ||| Stepping ~*~*~tactically~*~*~ (stealth).
   468 | D:1      | 468 ||| Stepping ~*~*~tactically~*~*~ (stealth).
   473 | D:1      | 473 ||| Stepping ~*~*~tactically~*~*~ (stealth).
   474 | D:1      | 474 ||| Stepping ~*~*~tactically~*~*~ (stealth).
   483 | D:1      | 483 ||| Stepping ~*~*~tactically~*~*~ (stealth).
   487 | D:1      | 487 ||| Stepping ~*~*~tactically~*~*~ (stealth).
   490 | D:1      | 490 ||| Stepping ~*~*~tactically~*~*~ (stealth).
   491 | D:1      | 491 ||| Stepping ~*~*~tactically~*~*~ (stealth).
   535 | D:1      | Reached skill level 3 in Axes
   572 | D:1      | Reached XP level 3. HP: 21/23 MP: 3/3
  1140 | D:1      | 1140 ||| UPGRADING to +0 chain mail.
  1150 | D:1      | 1150 ||| DROPPING +0 scale mail.
  1151 | D:1      | 1151 ||| UPGRADING to +0 pair of gloves.
  1156 | D:1      | 1156 ||| DROPPING ring of wizardry.
  1157 | D:1      | 1157 ||| READING scroll labelled COPLIYSOGH.
  1158 | D:1      | 1158 ||| READING scroll labelled VUEPSE SILLOJ.
  1159 | D:1      | 1159 ||| READING scroll labelled QAHAAZ YKETOIGOZER.
  1163 | D:1      | 1163 ||| READING scroll labelled BYDAUR BENIQ.
  1223 | D:2      | Found Mutexzau's Antique Armour Shop.
  1233 | D:2      | 1233 ||| SHOPLISTING pair of boots (103 gold, have 94).
  1233 | D:2      | 1233 ||| SHOPLISTING plate armour (529 gold, have 94).
  1415 | D:2      | 1415 ||| Stepping ~*~*~tactically~*~*~ (stealth).
  1423 | D:2      | 1423 ||| DROPPING +0 club.
  1424 | D:2      | 1424 ||| Stepping ~*~*~tactically~*~*~ (stealth).
  1433 | D:2      | Reached XP level 4. HP: 28/28 MP: 4/4
  1438 | D:2      | 1438 ||| Stepping ~*~*~tactically~*~*~ (hiding).
  1455 | D:2      | Found a shimmering blue altar of Sif Muna.
  1637 | D:2      | 1637 ||| READING scroll of enchant weapon.
  1637 | D:2      | 1637 ||| ENCHANTING +1 war axe.
  1815 | D:2      | Found Padobum's Assorted Antiques.
  1818 | D:2      | 1818 ||| BUYING scroll labelled MIAROCOITT (27 gold).
  1818 | D:2      | Bought a scroll labelled MIAROCOITT for 27 gold pieces
  1985 | D:2      | 1985 ||| UPGRADING to +0 helmet.
  1990 | D:2      | 1990 ||| UPGRADING to +0 plate armour.
  2000 | D:2      | 2000 ||| DROPPING +0 chain mail.
  2001 | D:2      | 2001 ||| READING 3 scrolls labelled OROTUR BURAFEY.
  2002 | D:2      | 2002 ||| READING scroll labelled MIAROCOITT.
  2003 | D:2      | 2003 ||| READING scroll labelled CAUCEF MUSTRUPUNA.
  2004 | D:2      | 2004 ||| DRINKING 3 clear potions.
  2005 | D:2      | 2005 ||| READING 2 scrolls of identify.
  2005 | D:2      | 2005 ||| IDENTIFYING fuming golden potion
  2014 | D:3      | 2014 ||| PLANNING SEWER
  2135 | D:3      | 2135 ||| Stepping ~*~*~tactically~*~*~ (stealth).
  2150 | D:3      | Reached skill level 1 in Throwing
  2240 | D:3      | 2240 ||| READING scroll of enchant weapon.
  2240 | D:3      | 2240 ||| ENCHANTING +2 war axe.
  2360 | D:3      | 2360 ||| Stepping ~*~*~tactically~*~*~ (stealth).
  2363 | D:3      | 2363 ||| Stepping ~*~*~tactically~*~*~ (stealth).
  2368 | D:3      | 2368 ||| Stepping ~*~*~tactically~*~*~ (stealth).
  2374 | D:3      | Reached XP level 5. HP: 30/32 MP: 5/5
  2389 | D:3      | 2389 ||| Stepping ~*~*~tactically~*~*~ (stealth).
  2390 | D:3      | 2390 ||| Stepping ~*~*~tactically~*~*~ (stealth).
  2411 | D:3      | 2411 ||| Stepping ~*~*~tactically~*~*~ (stealth).
  2413 | D:3      | 2413 ||| Stepping ~*~*~tactically~*~*~ (stealth).
  2615 | D:3      | 2615 ||| RIP SEWER
  2646 | D:3      | 2646 ||| PLANNING D:1-11
  2857 | D:3      | 2857 ||| Stepping ~*~*~tactically~*~*~ (water).
  2902 | D:3      | 2902 ||| Stepping ~*~*~tactically~*~*~ (stealth).
  2904 | D:3      | 2904 ||| Stepping ~*~*~tactically~*~*~ (hiding).
  2905 | D:3      | 2905 ||| Stepping ~*~*~tactically~*~*~ (stealth).
  2908 | D:3      | 2908 ||| Stepping ~*~*~tactically~*~*~ (stealth).
  2917 | D:3      | 2917 ||| DRINKING 5 potions of curing.
  2917 | D:3      | 2917 ||| (to cure confusion)
  3051 | D:3      | 3051 ||| UPGRADING to +0 pair of boots.
  3056 | D:3      | 3056 ||| UPGRADING to amulet of regeneration.
  3061 | D:3      | 3061 ||| READING scroll labelled QOTYUCOTID.
  3062 | D:3      | 3062 ||| DRINKING 2 coppery potions.
  3063 | D:3      | 3063 ||| READING 2 scrolls of identify.
  3063 | D:3      | 3063 ||| IDENTIFYING silvery potion
  3064 | D:3      | 3064 ||| DROPPING potion of invisibility.
  3065 | D:3      | 3065 ||| DROPPING potion of flight.
  3100 | D:4      | Found an iron altar of Okawaru.
  3101 | D:4      | 3101 ||| PLANNING OKAWARU WORSHIP
  3108 | D:4      | Became a worshipper of Warmaster Okawaru
  3109 | D:4      | 3109 ||| PLANNING D:1-11
  3139 | D:4      | Noticed a black bear
  3144 | D:4      | Killed a black bear
  3145 | D:4      | Reached XP level 6. HP: 38/40 MP: 6/6
  3558 | D:4      | Reached XP level 7. HP: 42/44 MP: 7/7
  3692 | D:4      | Found an ancient bone altar of Kikubaaqudgha.
  3695 | D:4      | Found a shimmering altar of Xom.
  3695 | D:4      | Found a glowing silver altar of Zin.
  3698 | D:4      | Found a blossoming altar of Fedhas.
  3698 | D:4      | Found a bloodstained altar of Trog.
  3698 | D:4      | Found a blossoming altar of Fedhas.
  3732 | D:4      | 3732 ||| UPGRADING to +0 tower shield.
  3742 | D:4      | 3742 ||| DROPPING +0 buckler.
  3743 | D:4      | 3743 ||| DROPPING scarf of harm.
  3744 | D:4      | 3744 ||| READING scroll labelled TOOPEB ETHRIDI.
  3845 | D:4      | 3845 ||| READING scroll labelled FOVEYM DEJESS.
  3849 | D:5      | Entered Level 5 of the Dungeon
  3877 | D:5      | Reached * piety under Okawaru
  3937 | D:5      | 3937 ||| Stepping ~*~*~tactically~*~*~ (stealth).
  3938 | D:5      | 3938 ||| Stepping ~*~*~tactically~*~*~ (stealth).
  3947 | D:5      | Reached skill level 1 in Invocations
  3998 | D:5      | Found a staircase to the Ecumenical Temple.
  4050 | D:5      | Found a glowing golden altar of the Shining One.
  4050 | D:5      | Found a glowing silver altar of Zin.
  4050 | D:5      | Found a white marble altar of Elyvilon.
  4221 | D:5      | 4221 ||| Stepping ~*~*~tactically~*~*~ (stealth).
  4225 | D:5      | 4225 ||| Stepping ~*~*~tactically~*~*~ (stealth).
  4236 | D:5      | Found a runed translucent gate.
  4237 | D:5      | Found a runed translucent gate.
  4238 | D:5      | Found a runed translucent gate.
  4239 | D:5      | Noticed qw's ghost (novice GrFi)
  4239 | D:5      | Identified the +7 short sword of the Evil Eye {freeze,
                  | *Rage rElec rF++ rN+}
  4239 | D:5      | Identified the +4 chain mail "Huogoag" {rPois Slay+2
                  | Stlth-}
  4323 | D:5      | 4323 ||| DROPPING +0 whip.
  4335 | D:5      | 4335 ||| INVOKING Heroism.
  4352 | D:5      | 4352 ||| INVOKING Heroism.
  4357 | D:5      | Reached skill level 3 in Invocations
  4357 | D:5      | Reached XP level 8. HP: 14/48 MP: 7/10
  4360 | D:5      | Mangled by an ogre

Levels and vault maps discovered:
D:1:      tarquinn_simple_flora_water_a, layout_basic, minmay_hexomino_u4
D:2:      layout_loops_ring, serial_shops, nicolae_shop_behind_doors,
          nicolae_square_shop, basic_altar
D:3:      layout_basic, gup_sewer_entry_pipe, chequers_serial_rivers_micro_d,
          minmay_randomly_rotated_circles
D:4:      layout_loops_ring, doesnt_xom_only_xom, old_standard_altar,
          kennysheep_generic_room_3
D:5:      cheibrodos_barr_body, layout_basic, good_gods_mini_temple,
          mainiacjoe_overflow_alcove_2, minmay_temple_entry_from_below_a,
          biasface_ghost_orc_armoury

Skill      XL: |  1  2  3  4  5  6  7 |
---------------+----------------------+-----
Axes           | 2 3 4 5 |  5.7
Throwing       | 1 |  1.0
Fighting       | 4 |  4.9
Shields        | 5 |  5.7
Invocations    | 3 |  3.5
Armour         | |  3.2

Action                   |  1- 3 |  4- 6 |  7- 9 || total
-------------------------+-------+-------+-------++-------
Melee: War axe           |    82 |   108 |    50 ||   240
Throw: Javelin           |       |    38 |     4 ||    42
Invok: Heroism           |       |       |     2 ||     2
  Use: Scroll            |     4 |     8 |     2 ||    14
       Potion            |       |     3 |       ||     3
Armor: Scale mail        |    18 |       |       ||    18
       Chain mail        |    10 |     7 |       ||    17
       Plate armour      |       |    60 |    30 ||    90
Dodge: Dodged            |    22 |    35 |     4 ||    61
Block: Buckler           |     5 |    15 |       ||    20
       Tower shield      |       |       |    40 ||    40

Table legend:
 A = Non-vault XP
 B = Vault XP
 C = Vault XP percentage of total XP
 D = Non-vault monster count
 E = Vault monster count
 F = Vault count percentage of total count
                 A         B        C        D         E       F
            +---------+---------+-------+---------+---------+-------
      Total |     934 |     365 |  28.1 |      87 |      20 |  18.7
            +---------+---------+-------+---------+---------+-------
        D:1 |      39 |       7 |  15.2 |      23 |       4 |  14.8
        D:2 |      72 |       0 |   0.0 |      26 |       0 |   0.0
        D:3 |     111 |      44 |  28.4 |      26 |      10 |  27.8
        D:4 |     355 |       0 |   0.0 |       5 |       0 |   0.0
        D:5 |     357 |     314 |  46.8 |       7 |       6 |  46.2
            +---------+---------+-------+---------+---------+-------
